 Dungeon Crawl Stone Soup version 0.19-a0-1311-gdcfd90a (webtiles) character file.

365 IcyTea the Conjurer (level 6, 0/45 HPs)
             Began as a Draconian Conjurer on Aug 31, 2016.
             Slain by an orc (3 damage)
             ... on level 4 of the Dungeon.
             The game lasted 00:15:34 (3875 turns).

IcyTea the Conjurer (Draconian Conjurer)            Turns: 3875, Time: 00:15:34

Health: 0/45       AC:  6    Str: 11    XL:     6   Next: 40%
Magic:  1/10       EV: 12    Int: 17    God:
Gold:   23         SH:  0    Dex: 11    Spells: 3 memorised, 3 levels left

rFire  . . .     SeeInvis .     f - +0 morningstar
rCold  . . .     Gourm    .     (armour unavailable)
rNeg   . . .     Faith    .     (no shield)
rPois  .         Spirit   .     (helmet restricted)
rElec  .         Dismiss  .     (no cloak)
rCorr  .         Reflect  .     (no gloves)
MR     .....     Harm     .     (no boots)
Stlth  ++........               (no amulet)
                                (no ring)
                                (no ring)

@: very slightly contaminated
A: unfitting armour, cold-blooded, AC +6
a: no special abilities


You were on level 4 of the Dungeon.
You were not hungry.

You visited 1 branch of the dungeon, and saw 4 of its levels.

You collected 166 gold pieces.
You spent 143 gold pieces at shops.

Inventory:

Hand Weapons
 f - a +0 morningstar (weapon)
 j - a +0 falchion
Wands
 p - a wand of lightning (6/15)
Scrolls
 d - 4 scrolls of remove curse
 k - a scroll of enchant weapon
 n - a scroll of teleportation
Potions
 e - a potion of magic
 g - 2 potions of heal wounds
 h - 2 potions of ambrosia
 i - a potion of haste
 m - 2 potions of agility
Books
 a - a book of Conjurations

   Spells                             Type                      Level
   a - Magic Dart                     Conjuration                  1
   b - Searing Ray                    Conjuration                  2
   c - Dazzling Spray                 Conjuration/Hexes            3
   d - Fulminant Prism                Conjuration/Hexes            4
   e - Iskenderun's Mystic Blast      Conjuration                  4
   f - Iskenderun's Battlesphere      Conjuration/Charms           5
Comestibles
 b - 4 bread rations
 c - 2 beef jerkies
 o - a meat ration


   Skills:
 + Level 1.1 Maces & Flails
 - Level 1.7 Dodging
 - Level 1.7 Stealth
 - Level 3.1 Spellcasting
 - Level 7.1 Conjurations


You had 3 spell levels left.
You knew the following spells:

 Your Spells              Type           Power        Failure   Level  Hunger
a - Magic Dart            Conj           ####         1%          1    None
b - Dazzling Spray        Conj/Hex       ##....       14%         3    ###....
c - Iskenderun's Mystic   Conj           ####....     12%         4    ####...


Dungeon Overview and Level Annotations

Branches:
Dungeon (4/15)
 Temple: D:4-7

Altars:
Fedhas

Shops:
D:4 !

Annotations:
D:3 exclusion: oklob plant


Innate Abilities, Weirdness & Mutations

Your plain brown scales are hard. (AC +6)
Your body does not fit into most forms of armour.
You are cold-blooded and may be slowed by cold attacks.


Message History

The orc priest hits you with a club.
You puncture the orc priest!
You kill the orc priest!
Your Maces & Flails skill increases to level 1!
The orc priest calls down the wrath of Beogh upon you.
Beogh smites you!
A ball python comes into view.
You completely miss the orc.
The ball python moves out of view.
The orc barely misses you.
The orc priest mumbles some strange prayers to Beogh against you.
Beogh smites you!
* * * LOW HITPOINT WARNING * * *
The orc hits you.
* * * LOW HITPOINT WARNING * * *
You barely miss the orc. The orc closely misses you.
You closely miss the orc. The orc hits you but does no damage.
The orc hits you.
* * * LOW HITPOINT WARNING * * *
The orc hits you.
You die...

.......#...## #.#.#....
............# #............
............# #.. ........
#.#.#.......# #.# #..#...
............# ####S# #..#..# .
...........## #.##o# #..#..# ..
....#.##..#.# #.##.###..#..##.#.
......##.∩#.# #.##S.............
..........#.# #@o.o........####
#..##.#####.##.......##..#..#
#..#### #.####.##..##.##..# #..#
#...##.##..##.##..# ...#
#...##.##..##.....# # ...#
#...##.##..#####..#.... ...#
#......##............#
.<.############...##.###.#..#..#
.....>............##.....#..#..#


You could see an orc priest, an orc and a ball python.

Vanquished Creatures
  A phantom (D:3)
  A hound (D:2)
  2 orc priests
  An orc wizard (D:3)
  A worker ant (D:4)
  3 adders
  2 worms (D:2)
  3 dart slugs
  7 giant geckos
  11 orcs
  8 bats
  6 giant cockroaches
  8 goblins
  7 hobgoblins
  2 jackals (D:2)
  7 kobolds
  2 quokkas
  A ball python (D:3)
  A giant newt (D:3)
  9 rats
83 creatures vanquished.

Vanquished Creatures (others)
  An orc (D:4)
1 creature vanquished.

Grand Total: 84 creatures vanquished

Notes
Turn   | Place    | Note
-------+----------+-------------------------------------------
     0 | D:1      | IcyTea the Draconian Conjurer began the quest for the Orb.
     0 | D:1      | Reached XP level 1. HP: 14/14 MP: 3/3
   245 | D:1      | Reached XP level 2. HP: 18/20 MP: 1/5
   936 | D:2      | Reached skill level 5 in Conjurations
   936 | D:2      | Reached XP level 3. HP: 25/26 MP: 0/6
  1117 | D:2      | Learned a level 3 spell: Dazzling Spray
  1835 | D:2      | Reached XP level 4. HP: 22/33 MP: 2/7
  2139 | D:3      | Reached skill level 6 in Conjurations
  2176 | D:2      | Reached XP level 5. HP: 24/38 MP: 1/8
  2245 | D:2      | Learned a level 4 spell: Iskenderun's Mystic Blast
  2425 | D:3      | Noticed a phantom
  2453 | D:3      | Killed a phantom
  2453 | D:3      | Reached skill level 7 in Conjurations
  3038 | D:3      | Reached XP level 6. HP: 8/45 MP: 6/10
  3532 | D:3      | Found a blossoming altar of Fedhas.
  3556 | D:3      | Noticed an oklob plant
  3673 | D:4      | Found Komatu's Distillery.
  3676 | D:4      | Bought a potion of magic for 88 gold pieces
  3676 | D:4      | Bought a potion of heal wounds for 55 gold pieces
  3866 | D:4      | Reached skill level 1 in Maces & Flails
  3867 | D:4      | HP: 2/45 [orc (2)]
  3875 | D:4      | Slain by an orc

Vault maps used:
D:1:      lemuel_arrival_hallway
D:3:      first_bread, tgw_fedhas
D:4:      serial_shops, shop, cheibriados_altar_wand_db

Skill      XL: |  1  2  3  4  5  6 |
---------------+-------------------+-----
Conjurations   | 5 6 7 |  7.1
Spellcasting   | 3 |  3.1
Maces & Flails | 1 |  1.1
Dodging        | |  1.7
Stealth        | |  1.7

Action                   |  1- 3 |  4- 6 || total
-------------------------+-------+-------++-------
Melee: Club              |    35 |       ||    35
       Unarmed           |     8 |       ||     8
       Tailslap          |    12 |    11 ||    23
       Whip              |    65 |    32 ||    97
       Falchion          |       |    77 ||    77
       Morningstar       |       |    28 ||    28
 Cast: Magic Dart        |    54 |    43 ||    97
       Dazzling Spray    |       |     7 ||     7
Evoke: Wand              |       |     1 ||     1
  Use: Scroll            |     4 |     5 ||     9
       Potion            |     8 |     1 ||     9
 Stab: Sleeping          |     3 |     1 ||     4
       Invisible         |       |     1 ||     1
  Eat: Chunk             |     4 |     9 ||    13
Armor: Skin              |    32 |    52 ||    84
Dodge: Dodged            |    86 |   123 ||   209
